 Dungeon Crawl Stone Soup version 0.23.2-33-g5129a83184 (webtiles) character file.

Game seed: 8113332421851971193

277 redwoodhats the Magician (level 6, -6/32 HPs)
             Began as a Deep Elf Air Elementalist on July 4, 2019.
             Was an Initiate of Vehumet.
             Mangled by a hornet zombie (9 damage)
             ... on level 4 of the Dungeon.
             The game lasted 00:14:47 (2639 turns).

redwoodhats the Magician (DEAE)                     Turns: 2639, Time: 00:14:48

Health: -6/32      AC:  5    Str:  6    XL:     6   Next: 4%
Magic:  2/15       EV: 12    Int: 21    God:    Vehumet [......]
Gold:   216        SH:  0    Dex: 15    Spells: 9/15 levels left

rFire    x . .     SeeInvis .   l - +3 quarterstaff (chaos)
rCold    + . .     Gourm    .   (shield currently unavailable)
rNeg     . . .     Faith    .   j - +2 leather armour {rPois}
rPois    +         Spirit   .   (helmet restricted)
rElec    .         Reflect  .   (no cloak)
rCorr    .         Harm     .   (no gloves)
MR       .....                  (no boots)
Stlth    ++........             (no amulet)
HPRegen  0.50/turn              g - ring of ice
MPRegen  0.14/turn              (no ring)

@: very slightly contaminated
A: beak, regeneration 1
a: Renounce Religion


You were on level 4 of the Dungeon.
You worshipped Vehumet.
Vehumet was noncommittal.
You were not hungry.

You visited 1 branch of the dungeon, and saw 4 of its levels.

You collected 216 gold pieces.

Inventory:

Hand Weapons
 e - a +2 vampiric dagger
 f - a +2 dagger of holy wrath
 l - a +3 quarterstaff of chaos (weapon)
 m - a +2 flail of holy wrath
 n - a +2 mace of holy wrath
 o - a +0 hand crossbow
Missiles
 i - 5 javelins (quivered)
Armour
 a - a +0 robe
 j - a +2 leather armour of poison resistance (worn)
Jewellery
 g - a ring of ice (left hand)
Scrolls
 b - a scroll of identify
 d - 3 scrolls of remove curse
Potions
 h - a potion of ambrosia
 k - a potion of curing
Comestibles
 c - 5 rations


   Skills:
 + Level 0.1 Fighting
 + Level 1.4 Short Blades
 + Level 0.2 Staves
 + Level 0.1 Throwing
 + Level 1.0 Armour
 + Level 2.8 Dodging
 + Level 3.0 Stealth
 + Level 0.1 Unarmed Combat
 + Level 5.1 Spellcasting
 + Level 2.9 Conjurations
 + Level 0.1 Charms
 + Level 4.1 Air Magic


You had 9 spell levels left.
You knew the following spells:

 Your Spells              Type           Power        Failure   Level  Hunger
a - Shock                 Conj/Air       ###.         4%          1    None
b - Swiftness             Chrm/Air       ##......     11%         2    None
c - Static Discharge      Conj/Air       ###.....     12%         3    ##.....

Your spell library contained the following spells:

 Spells                   Type           Power        Failure   Level  Hunger
 Airstrike                Air            ###.......   30%         4    ####...
 Lightning Bolt           Conj/Air       ###.......   73%         5    #####..


Dungeon Overview and Level Annotations

Branches:
Dungeon (4/15)
 Temple: D:4-7

Altars:
Elyvilon
Trog
Vehumet
Wu Jian


Innate Abilities, Weirdness & Mutations

You have a beak for a mouth.
Your natural rate of healing is unusually fast.


Message History

Vehumet accepts your kill.
Your Armour skill increases to level 1!
Your Spellcasting skill increases to level 5!
Your Air Magic skill increases to level 4!
You have reached level 6!
Your experience leads to an increase in your attributes!
Increase (S)trength, (I)ntelligence, or (D)exterity?
You feel stronger.
Casting: Static Discharge (safe; 12% risk of failure)
Confirm with . or Enter, or press ? or * to list all spells.
You don't have enough magic to cast that spell.
You barely miss the hornet zombie.
The hornet zombie is lightly damaged.
The hornet zombie hits you. x2
You hit the hornet zombie. You burn the hornet zombie.
The hornet zombie is lightly damaged.
The hornet zombie hits you!
* * * LOW HITPOINT WARNING * * *
The hornet zombie hits you!
You die...

........##
#######.# #.#
##†## ##...##
##.....##
#.......## #
#.........####...#
+.........@Z......
#.........####...#
##.......## .
##.....## ##...##
##+#


You could see a hornet zombie.

Vanquished Creatures
  Edmund (D:4)
  Crazy Yiuf (D:3)
  A worker ant (D:4)
  An adder (D:4)
  2 oozes
  A worm (D:2)
  3 dart slugs
  3 leopard geckos
  6 orcs (D:3)
  4 giant cockroaches
  4 goblins
  6 hobgoblins
  5 jackals
  8 kobolds
  2 quokkas
  2 ball pythons
  8 bats
  4 frilled lizards
  9 rats
71 creatures vanquished.

Notes
Turn   | Place    | Note
-------+----------+-------------------------------------------
     0 | D:1      | redwoodhats the Deep Elf Air Elementalist began the quest
                  | for the Orb.
     0 | D:1      | Reached XP level 1. HP: 10/10 MP: 6/6
   169 | D:1      | Reached XP level 2. HP: 10/15 MP: 1/8
   614 | D:1      | Reached XP level 3. HP: 19/19 MP: 3/9
   822 | D:1      | Gained mutation: You have a somewhat thin skeletal
                  | structure. (Dex +2, Stealth) [potion of mutation]
   822 | D:1      | Gained mutation: Your system is resistant to poisons.
                  | (rPois) [potion of mutation]
  1235 | D:2      | Found a bloodstained altar of Trog.
  1767 | D:2      | Lost mutation: Your system is resistant to poisons. (rPois)
                  | [potion of mutation]
  1767 | D:2      | Lost mutation: You have a somewhat thin skeletal structure.
                  | (Dex +2, Stealth) [potion of mutation]
  1767 | D:2      | Gained mutation: You have large cloven feet. [potion of
                  | mutation]
  1767 | D:2      | Gained mutation: You expend magic power (3 MP) to
                  | strengthen your wands. [potion of mutation]
  1767 | D:2      | Gained mutation: Your natural rate of healing is unusually
                  | fast. [potion of mutation]
  1768 | D:2      | Lost mutation: You expend magic power (3 MP) to strengthen
                  | your wands. [potion of mutation]
  1768 | D:2      | Lost mutation: You have large cloven feet. [potion of
                  | mutation]
  1768 | D:2      | Gained mutation: You have a beak for a mouth. [potion of
                  | mutation]
  1911 | D:3      | Reached XP level 4. HP: 24/24 MP: 8/11
  1949 | D:3      | Reached skill level 4 in Spellcasting
  2012 | D:3      | Found a white marble altar of Elyvilon.
  2255 | D:3      | Found a runed translucent door.
  2256 | D:3      | Noticed Crazy Yiuf
  2262 | D:3      | Learned a level 2 spell: Swiftness
  2266 | D:3      | Learned a level 3 spell: Static Discharge
  2279 | D:3      | Killed Crazy Yiuf
  2374 | D:3      | Found a radiant altar of Vehumet.
  2375 | D:3      | Found an ornate altar of the Wu Jian Council.
  2384 | D:3      | Became a worshipper of Vehumet
  2521 | D:4      | Reached skill level 1 in Short Blades
  2521 | D:4      | Reached XP level 5. HP: 28/28 MP: 6/13
  2624 | D:4      | Noticed Edmund
  2637 | D:4      | Killed Edmund
  2637 | D:4      | Reached skill level 1 in Armour
  2637 | D:4      | Reached skill level 5 in Spellcasting
  2637 | D:4      | Reached XP level 6. HP: 20/32 MP: 1/15
  2639 | D:4      | Mangled by a hornet zombie

Skill      XL: |  1  2  3  4  5 |
---------------+----------------+-----
Conjurations   | 2 |  2.9
Spellcasting   | 4 5 |  5.1
Stealth        | 3 |  3.0
Short Blades   | 1 |  1.4
Armour         | 1 |  1.0
Air Magic      | 4 |  4.1
Fighting       | |  0.1
Staves         | |  0.2
Throwing       | |  0.1
Dodging        | |  2.8
Unarmed Combat | |  0.1
Charms         | |  0.1

Action                   |  1- 3 |  4- 6 || total
-------------------------+-------+-------++-------
Melee: Unarmed           |    15 |       ||    15
       Dagger            |    27 |     9 ||    36
       Quarterstaff      |       |     8 ||     8
Throw: Javelin           |     6 |     1 ||     7
 Cast: Shock             |    91 |    45 ||   136
       Static Discharge  |       |     6 ||     6
       Swiftness         |       |     1 ||     1
  Use: Potion            |     7 |     1 ||     8
       Scroll            |     4 |     5 ||     9
  Eat: Ration            |     3 |       ||     3
Armor: Robe              |     8 |       ||     8
       Leather armour    |    11 |     2 ||    13
Dodge: Dodged            |    58 |     9 ||    67
